 Dungeon Crawl Stone Soup version 0.19.4-8-ga85b6b9 (webtiles) character file.

163 sveltemanboy the Insei (level 5, -4/25 HPs)
             Began as a Vine Stalker Transmuter on Feb 14, 2017.
             Was an Initiate of Okawaru.
             Killed from afar by Sigmund (6 damage)
             ... with a magic dart
             ... on level 2 of the Dungeon.
             The game lasted 00:07:55 (2258 turns).

sveltemanboy the Insei (Vine Stalker Transmuter)    Turns: 2258, Time: 00:07:57

Health: -4/25      AC:  3    Str: 12    XL:     5   Next: 44%
Magic:  0/9        EV: 12    Int: 14    God:    Okawaru [......]
Gold:   95         SH:  0    Dex: 15    Spells: 3 memorised, 0 levels left

rFire  . . .     SeeInvis .       - Unarmed
rCold  . . .     Gourm    .     b - +0 robe
rNeg   . . .     Faith    .     (no shield)
rPois  .         Spirit   +     r - +0 helmet
rElec  .         Reflect  .     (no cloak)
rCorr  .         Harm     .     (no gloves)
MR     .....                    (boots currently unavailable)
Stlth  +.........               (no amulet)
                                (no ring)
                                (no ring)

@: appendage (expiring)
A: fangs 2, talons 3, regeneration 1, magic shield, antimagic bite, no device
heal 3, rot immunity
a: End Transformation, Renounce Religion


You were on level 2 of the Dungeon.
You worshipped Okawaru.
Okawaru was noncommittal.
You were hungry.
You had grown temporary talons.
You visited 1 branch of the dungeon, and saw 2 of its levels.

You collected 95 gold pieces.

Inventory:

Missiles
 a - 11 arrows
Armour
 b - a +0 robe (worn)
 r - a +0 helmet (worn)
Wands
 q - a wand of polymorph (6/24)
Scrolls
 e - a scroll of amnesia {unknown}
 g - a scroll of identify {unknown}
 m - a scroll of noise {unknown}
 p - a scroll of remove curse {unknown}
Potions
 j - a potion of ambrosia {unknown}
 l - a potion of might
 o - a potion of lignification {unknown}
 s - 2 potions of flight {unknown}
Books
 c - a book of Changes

   Spells                             Type                      Level
   a - Beastly Appendage              Transmutation                1
   b - Sticks to Snakes               Transmutation                2
   c - Spider Form                    Transmutation/Poison         3
   d - Ice Form                       Ice/Transmutation            4
   e - Blade Hands                    Transmutation                5
Comestibles
 d - 2 bread rations
 f - a royal jelly
 i - 2 beef jerkies
 k - 2 fruits
 n - a meat ration


   Skills:
 - Level 1.0 Fighting
 - Level 1.0 Armour
 - Level 2.0 Dodging
 * Level 4.4 Unarmed Combat
 - Level 2.1 Spellcasting
 * Level 3.4 Transmutations
 + Level 1.0 Invocations


You couldn't memorise any spells.
You knew the following spells:

 Your Spells              Type           Power        Failure   Level  Hunger
a - Beastly Appendage     Tmut           ##....       10%         1    #......
b - Sticks to Snakes      Tmut           ##......     12%         2    ###....
c - Blade Hands           Tmut           ##........   99%         5    ######.


Dungeon Overview and Level Annotations

Branches:
Dungeon (2/15)

Altars:
Okawaru

Annotations:
D:2 Sigmund


Innate Abilities, Weirdness & Mutations

You have extremely sharp teeth.
Your natural rate of healing is unusually fast.
When hurt, damage is shared between your health and your magic reserves.
Your bite disrupts and absorbs the magic of your enemies.
Potions and wands cannot restore your health.
You are immune to rotting.
You have claws for feet.


Message History

Your ball python bites Sigmund but does no damage.
Your ball python constricts Sigmund.
Your ball python bites Sigmund but does no damage.
Sigmund barely misses you.
Your ball python completely misses Sigmund.
Your ball python constricts Sigmund.
Your ball python bites Sigmund but does no damage. x2
Your ball python constricts Sigmund.
Your ball python bites Sigmund but does no damage.
Sigmund hits you with a scythe of protection!
* * * LOW HITPOINT WARNING * * *
Your ball python bites Sigmund.
Your ball python constricts Sigmund.
Your ball python bites Sigmund but does no damage.
You feel less confused.
Your ball python bites Sigmund but does no damage.
Your ball python constricts Sigmund.
Your ball python bites Sigmund but does no damage.
Sigmund casts a spell at you. The magic dart hits you!
You die...

#####.##.# #S# #........# #.#
#.#.###### #.# ########.#.#
#.# #.g........########.#
#.######...#....S...# #.#
#..)#)######## ##### #.#
#...#@## #.... #.#
#...SS@##### #.##. #)#
###..........# ### #.##.
#g####........###.###.## #.###
#(##...##..............###.#
#.##....................##.###
#.........##.####.)......)....
###.#.######.# ###.....##.###
#.#.# #.# ##(.....#.#
#.#.######.# #..#.##.#.#


You could see Sigmund and 2 friendly ball pythons.

Vanquished Creatures
  Robin (D:2)
  3 gnolls (D:2)
  2 adders (D:2)
  3 worms (D:2)
  2 dart slugs
  2 leopard geckos
  2 orcs (D:2)
  A ball python (D:2)
  2 giant cockroaches (D:2)
  8 hobgoblins
  6 jackals (D:2)
  8 bats
  4 frilled lizards (D:1)
  17 goblins
  8 kobolds
  10 rats
79 creatures vanquished.

Vanquished Creatures (collateral kills)
  Terence (D:2)
  A goblin (D:2)
2 creatures vanquished.

Grand Total: 81 creatures vanquished

Notes
Turn   | Place    | Note
-------+----------+-------------------------------------------
     0 | D:1      | sveltemanboy the Vine Stalker Transmuter began the quest for the Orb.
     0 | D:1      | Reached XP level 1. HP: 9/9 MP: 4/4
    96 | D:1      | Reached skill level 1 in Fighting
   115 | D:1      | Reached XP level 2. HP: 7/14 MP: 6/6
   285 | D:1      | Learned a level 2 spell: Sticks to Snakes
   641 | D:1      | Reached XP level 3. HP: 18/18 MP: 5/7
  1060 | D:2      | Noticed Sigmund
  1097 | D:2      | Noticed Terence
  1115 | D:2      | Killed Terence
  1221 | D:2      | Reached skill level 1 in Armour
  1221 | D:2      | Gained mutation: Your natural rate of healing is unusually fast. [Vine Stalker growth]
  1221 | D:2      | Reached XP level 4. HP: 22/22 MP: 8/8
  1386 | D:2      | Reached skill level 4 in Unarmed Combat
  1388 | D:2      | Found an iron altar of Okawaru.
  1402 | D:2      | Became a worshipper of Warmaster Okawaru
  1499 | D:2      | Reached XP level 5. HP: 25/25 MP: 9/9
  1559 | D:2      | Learned a level 5 spell: Blade Hands
  1800 | D:2      | Noticed Robin
  1884 | D:2      | Killed Robin
  1884 | D:2      | Reached skill level 1 in Invocations
  2257 | D:2      | HP: 1/25 [Sigmund/scythe of protection (8)]
  2258 | D:2      | Killed from afar by Sigmund

Skill      XL: |  1  2  3  4  5 |
---------------+----------------+-----
Fighting       | 1 |  1.0
Dodging        | 2 |  2.0
Armour         | 1 |  1.0
Transmutations | 3 |  3.4
Unarmed Combat | 4 |  4.4
Invocations    | 1 |  1.0
Spellcasting   | |  2.1

Action                   |  1- 3 |  4- 6 || total
-------------------------+-------+-------++-------
Melee: Unarmed           |   108 |   138 ||   246
       Bite              |    20 |    37 ||    57
       Kick              |     9 |    11 ||    20
       Punch             |     1 |     3 ||     4
       Headbutt          |       |     4 ||     4
 Cast: Beastly Appendage |     6 |     7 ||    13
       Sticks to Snakes  |     3 |     8 ||    11
 Stab: Sleeping          |     1 |     1 ||     2
  Eat: Chunk             |     1 |     4 ||     5
Armor: Robe              |    16 |    20 ||    36
Dodge: Dodged            |    55 |    73 ||   128
